 Dungeon Crawl Stone Soup version 0.15-a0-2370-ga66baa6 (webtiles) character file.

136 Econoterrorist the Poker (level 5, -4/38 HPs)
             Began as a Merfolk Skald on Aug 1, 2014.
             Killed from afar by an orc wizard (11 damage)
             ... with a magic dart
             ... on Level 4 of the Dungeon.
             The game lasted 00:11:08 (4092 turns).

Econoterrorist the Poker (Merfolk Skald)            Turns: 4092, Time: 00:11:08

HP  -4/38        AC  4     Str 12      XL: 5   Next: 19%
MP  18/18        EV 12     Int 13      God:
Gold 146         SH  0     Dex 13      Spells:  3 memorised,  2 levels left

rFire  . . .     SeeInvis +     a - +0 spear
rCold  . . .     Clarity  .     b - +0 leather armour
rNeg   . . .     rCorr    .     (no shield)
rPois  .         rRot     .     (no helmet)
rElec  .         Spirit   .     (no cloak)
SustAb .         Warding  .     q - +0 pair of gloves
rMut   .         Stasis   .     (no boots)
Gourm  .                        j - amulet of rage
MR     .....                    s - ring of magical power
                                g - ring of see invisible

@: not resistant to hostile enchantments, very unstealthy
A: change form in water, swift swim
a: Evoke Berserk Rage


You were on level 4 of the Dungeon.
You were hungry.

You visited 1 branch of the dungeon, and saw 4 of its levels.

You collected 146 gold pieces.

Inventory:

Hand weapons
 a - a +0 spear (weapon)
 n - a +0 halberd
Armour
 b - a +0 leather armour (worn)
 q - a +0 pair of gloves (worn)
Comestibles
 d - 4 bread rations
Scrolls
 e - a scroll of remove curse {unknown}
 f - 2 scrolls of identify {unknown}
 h - 3 scrolls of recharging {unknown}
 i - a scroll of noise {unknown}
 k - a scroll of immolation {unknown}
 l - a scroll of random uselessness {unknown}
 r - a scroll of blinking {unknown}
Jewellery
 g - a ring of see invisible (left hand)
 j - an amulet of rage (around neck)
 s - a ring of magical power (right hand)
Potions
 m - a potion of agility {unknown}
 p - 2 potions of curing
Books
 c - a book of Battle

   Spells                             Type                      Level
   *Infusion                          Charms                       1
   *Shroud of Golubria                Charms/Translocation         2
   Song of Slaying                    Charms                       2
   *Spectral Weapon                   Hexes/Charms                 3
   Regeneration                       Charms/Necromancy            3


   Skills:
 - Level 2.1 Fighting
 - Level 6.0 Polearms
 - Level 0.6 Armour
 + Level 3.2 Dodging
 - Level 2.0 Spellcasting
 + Level 4.0 Charms


You had 2 spell levels left.
You knew the following spells:

 Your Spells              Type           Power        Failure   Level  Hunger
a - Infusion              Chrm           ##....       6%          1    ##.....
b - Shroud of Golubria    Chrm/Tloc      #.........   17%         2    ###....
c - Spectral Weapon       Hex/Chrm       #.......     34%         3    ####...


Dungeon Overview and Level Annotations

Branches:
Dungeon (4/15)
 Temple: D:4-7

Altars:
Ashenzari
Kikubaaqudgha


Message History

You hit the orc wizard but do no damage.
The orc wizard is severely wounded.
The orc wizard casts a spell.
The orc wizard blinks!
The orc wizard points at you and mumbles some strange words.
The magic dart hits you!
* * * LOW HITPOINT WARNING * * *
Found 11 gold pieces.
The orc wizard casts a spell at you. The magic dart hits you!
* * * LOW HITPOINT WARNING * * *
Attack whom?
Press: ? - help, Dir - move target cursor, f - orc wizard
Aim: an orc wizard, wielding a dagger and wearing a robe (severely wounded, fast)
You reach to attack!
You hit the orc wizard but do no damage.
The orc wizard is severely wounded.
The orc wizard gestures at you while chanting.
The magic dart hits you!
You die...

..... ...
................
..<...............
..................$.
<.........>...........
.......................
.............>o........
..............(.........
...........[)..@.........
..........).<............
........................
.......................
.......................
##.#..................
..#####..####..(...$
#..## #.###.. #.## #.# .


You could see an orc wizard.

Vanquished Creatures
  An orc wizard (D:4)
  4 gnolls (D:3)
  An adder (D:2)
  A worm (D:2)
  4 giant geckos
  4 orcs
  7 bats
  8 goblins
  4 hobgoblins
  4 jackals (D:1)
  9 kobolds
  A quokka (D:2)
  6 rats
54 creatures vanquished.

Vanquished Creatures (others)
  A human (D:2)
1 creature vanquished.

Grand Total: 55 creatures vanquished

Notes
Turn   | Place    | Note
--------------------------------------------------------------
     0 | D:1      | Econoterrorist, the Merfolk Skald, began the quest for the Orb.
     0 | D:1      | Reached XP level 1. HP: 16/16 MP: 3/3
   108 | D:1      | Reached skill level 4 in Polearms
   108 | D:1      | Reached XP level 2. HP: 8/22 MP: 4/4
   777 | D:1      | Learned a level 2 spell: Shroud of Golubria
  1136 | D:1      | Reached XP level 3. HP: 25/27 MP: 6/6
  1141 | D:1      | Learned a level 3 spell: Spectral Weapon
  1148 | D:1      | Reached skill level 5 in Polearms
  1694 | D:2      | Found an ancient bone altar of Kikubaaqudgha.
  1695 | D:2      | Noticed a human
  1697 | D:2      | Killed a human
  2372 | D:2      | Reached skill level 6 in Polearms
  2577 | D:3      | Reached XP level 4. HP: 33/33 MP: 7/7
  3140 | D:3      | Found a shattered altar of Ashenzari.
  3824 | D:4      | Reached XP level 5. HP: 28/38 MP: 9/9
  4092 | D:4      | Killed from afar by an orc wizard

Action                   |  1- 3 |  4- 6 || total
-------------------------+-------+-------++-------
Melee: Spear             |   156 |    93 ||   249
 Cast: Infusion          |     2 |     3 ||     5
       Shroud of Golubri |       |     4 ||     4
 Abil: Evoke Berserk Rag |       |     1 ||     1
  Use: Potion            |     4 |       ||     4
  Eat: Chunk             |     5 |     4 ||     9
       Pizza             |       |     1 ||     1
